 Dungeon Crawl Stone Soup version 0.17-b1-33-gd9cf236 (webtiles) character file.

3460 Leibowitz the Covert (level 10, -1/54 HPs)
             Began as a Kobold Gladiator on Nov 6, 2015.
             Was a Follower of Okawaru.
             Slain by a yak (7 damage)
             ... on level 9 of the Dungeon.
             The game lasted 00:27:17 (5703 turns).

Leibowitz the Covert (Kobold Gladiator)             Turns: 5703, Time: 00:27:17

Health: -1/54      AC:  9    Str: 14    XL:     10   Next: 26%
Magic:  10/10      EV: 21    Int:  6    God:    Okawaru [*.....]
Gold:   315        SH:  0    Dex: 20    Spells: 0 memorised, 9 levels left

rFire  + + +     SeeInvis .     b - +0 blowgun
rCold  + . .     Clarity  .     w - +1 ring mail of Sin {*Contam rF+++ rC+ Stlth+}
rNeg   . . .     SustAt   .     (shield restricted)
rPois  .         Gourm    .     c - +0 helmet
rElec  .         Spirit   .     i - +0 cloak
rCorr  +         Warding  .     (no gloves)
rMut   .         Rnd*Tele +     (no boots)
MR     .....                    p - amulet of resist corrosion
Stlth  +++++++...               (no ring)
                                (no ring)

@: not resistant to hostile enchantments, extremely stealthy
A: talons 1, blurry vision 1, carnivore 3, frail 1, teleportitis 1, evolution 1,
subdued magic 1
a: Heroism, Renounce Religion


You were on level 9 of the Dungeon.
You worshipped Okawaru.
Okawaru was aware of your devotion.
You were very full.

You visited 2 branches of the dungeon, and saw 10 of its levels.
You also visited: Sewer.

You collected 315 gold pieces.

Inventory:

Hand Weapons
 a - a +0 short sword of electrocution
 b - a +0 blowgun (weapon)
 j - a +0 rapier
Missiles
 e - 3 throwing nets
 D - 22 poisoned needles (quivered)
 E - 3 curare-tipped needles
 F - 7 needles of confusion
Armour
 c - a +0 helmet (worn)
 i - a +0 cloak (worn)
 l - a +1 ring mail of poison resistance
 w - the +1 ring mail of Sin (worn) {*Contam rF+++ rC+ Stlth+}
   (You found it on level 4 of the Dungeon)

   It renders you almost immune to fire.
   It protects you from cold.
   It causes magical contamination when unequipped.
   It makes you more stealthy.
Jewellery
 f - an uncursed ring of ice
 p - an amulet of resist corrosion (around neck)
Scrolls
 h - 11 scrolls of identify
 o - 3 scrolls of teleportation
 q - a scroll of remove curse
 r - a scroll of magic mapping
 s - a scroll of recharging
 v - 2 scrolls of amnesia
 y - a scroll of blinking
 G - a scroll of enchant armour
Potions
 g - a potion of might
 n - a potion of resistance
 t - 3 potions of curing
 z - 4 potions of agility
 A - 4 potions of heal wounds
 B - 2 potions of flight
 C - 3 potions of brilliance
Comestibles
 d - 7 meat rations
 k - 2 slices of pizza
 m - a royal jelly
 I - a beef jerky


   Skills:
 + Level 6.8 Fighting
 + Level 9.6 Short Blades
 + Level 3.0 Throwing
 + Level 5.1 Armour
 + Level 9.2 Dodging
 + Level 12.9 Stealth


You had 9 spell levels left.
You didn't know any spells.

Dungeon Overview and Level Annotations

Branches:
Dungeon (10/15)            Temple (1/1) D:7
   Lair: D:8-11         Orc: D:9-12

Altars:
Ashenzari
Cheibriados
Dithmenos
Elyvilon
Fedhas
Gozag
Kikubaaqudgha
Nemelex Xobeh
Okawaru
Qazlal
Ru
Vehumet
Xom
Yredelemnul
Zin
The Shining One
Jiyva


Innate Abilities, Weirdness & Mutations

You are small and have problems with some larger weapons.
You are carnivorous and can eat meat at any time.
You have sharp toenails.
Scrolls take you a little longer to read.
You are frail (-10% HP).
You are occasionally teleported to nearby monsters.
You evolve.
Your spells are a little easier to cast, but a little less powerful.


Message History

You hit the yak.
The yak is heavily wounded.
The yak gores you!
* * * LOW HITPOINT WARNING * * *
Your +0 short sword of electrocution stops crackling.
b - a +0 blowgun (weapon)
The yak gores you!
* * * LOW HITPOINT WARNING * * *
Read which item? (? for menu, Esc to quit)
Really read with blurry vision while enemies are nearby? [Y]es or [N]o only, please.
Really read with blurry vision while enemies are nearby? [Y]es or [N]o only, please.
Really read with blurry vision while enemies are nearby? [Y]es or [N]o only, please.
Really read with blurry vision while enemies are nearby?
The yak closely misses you.
You begin reading the scroll.
You continue reading the scroll.
The yak barely misses you. The yak gores you!
You die...

######......#
##...##.>....##...<...#
#.............#.YY....#
#.............#.l.....#
#....##......##..S....#
##...##......##....Y..#
#...##......##Y.Y.l..#
...##...##.......#....Y..#
.........#......@#.......#
.........'......YY.......#
...#.....#.......#.......#
####....##......##.......#
#....##################
#....# #..... #..... ##...


You could see 2 yaks.

Vanquished Creatures
  Sigmund (D:4)
  3 yaks (D:9)
  Edmund (D:4)
  3 ice beasts
  3 phantoms
  A wasp (D:6)
  5 ogres
  4 giant frogs
  A big kobold (Sewer)
  2 scorpions (D:4)
  4 killer bees (D:10)
  4 crimson imps
  A hound (D:4)
  A quasit (D:6)
  2 jellies
  An iguana (D:9)
  An orc wizard (D:6)
  A giant frog skeleton (D:6)
  An orc priest (D:6)
  4 worker ants
  2 worker ant zombies
  11 adders
  4 river rats (Sewer)
  3 shadow imps
  4 oozes
  An adder skeleton (D:5)
  An adder zombie (D:6)
  A worm (D:2)
  17 orcs
  3 giant cockroaches (D:3)
  8 hobgoblins
  8 ball pythons
  A ball python skeleton (D:4)
  11 bats
  5 giant geckos
  A giant gecko skeleton (D:6)
  5 giant newts
  6 goblins
  3 goblin skeletons (D:5)
  6 hobgoblin zombies (D:5)
  4 jackals (D:2)
  19 kobolds
  A kobold skeleton (D:5)
  2 quokkas
  33 rats
204 creatures vanquished.

Notes
Turn   | Place    | Note
--------------------------------------------------------------
     0 | D:1      | Leibowitz the Kobold Gladiator began the quest for the Orb.
     0 | D:1      | Reached XP level 1. HP: 12/12 MP: 1/1
   241 | D:1      | Reached XP level 2. HP: 16/18 MP: 2/2
   776 | D:2      | Reached XP level 3. HP: 22/22 MP: 3/3
   835 | D:2      | Reached skill level 1 in Stealth
   939 | D:2      | Found a white marble altar of Elyvilon.
   948 | D:2      | Reached skill level 1 in Armour
   948 | D:2      | Reached XP level 4. HP: 27/27 MP: 4/4
  1498 | D:3      | Reached XP level 5. HP: 22/31 MP: 5/5
  1810 | D:3      | Found a glowing drain.
  1825 | Sewer    | Entered a sewer
  1828 | Sewer    | Gained mutation: You evolve. [potion of mutation]
  1828 | Sewer    | Gained mutation: Scrolls take you a little longer to read. [potion of mutation]
  1828 | Sewer    | Gained mutation: You have sharp toenails. [potion of mutation]
  1899 | Sewer    | Reached skill level 5 in Short Blades
  1899 | Sewer    | Reached skill level 5 in Dodging
  2072 | Sewer    | Reached XP level 6. HP: 27/36 MP: 6/6
  2161 | Sewer    | Gained mutation: You are occasionally teleported to nearby monsters. [evolution]
  2582 | Sewer    | Reached skill level 6 in Fighting
  2582 | Sewer    | Reached skill level 8 in Short Blades
  2582 | Sewer    | Reached skill level 10 in Stealth
  2582 | Sewer    | Reached XP level 7. HP: 41/47 MP: 7/7
  2583 | Sewer    | Gained mutation: You rapidly evolve. [potion of mutation]
  2583 | Sewer    | Lost mutation: You rapidly evolve. [potion of mutation]
  2583 | Sewer    | Gained mutation: Your spells are a little easier to cast, but a little less powerful. [potion of mutation]
  3208 | D:4      | Noticed Sigmund
  3276 | D:4      | Noticed Edmund
  3307 | D:4      | Killed Edmund
  3405 | D:4      | Found a viscous altar of Jiyva.
  3421 | D:4      | Reached XP level 8. HP: 49/52 MP: 8/8
  3485 | D:4      | Reached skill level 11 in Stealth
  3492 | D:4      | Got a faintly glowing ring mail
  3503 | D:4      | Identified the cursed +1 ring mail of Sin {*Contam rF+++ rC+ Stlth+} (You found it on level 4 of the Dungeon)
  3711 | D:4      | Killed Sigmund
  4044 | D:4      | Gained mutation: You are frail (-10% HP). [evolution]
  4060 | D:5      | Entered Level 5 of the Dungeon
  4145 | D:5      | Found a glowing golden altar of the Shining One.
  4154 | D:5      | Reached XP level 9. HP: 50/50 MP: 9/9
  4642 | D:6      | Reached skill level 12 in Stealth
  4739 | D:6      | Found a blossoming altar of Fedhas.
  4739 | D:6      | Found a stormy altar of Qazlal.
  4742 | D:6      | Found a radiant altar of Vehumet.
  4810 | D:6      | Reached skill level 5 in Armour
  5228 | D:7      | Found a staircase to the Ecumenical Temple.
  5236 | Temple   | Entered the Ecumenical Temple
  5329 | Temple   | Became a worshipper of Warmaster Okawaru
  5405 | D:7      | You fall through a shaft for 3 floors!
  5405 | D:10     | Entered Level 10 of the Dungeon
  5459 | D:10     | Reached XP level 10. HP: 50/54 MP: 10/10
  5682 | D:9      | Reached * piety under Okawaru
  5703 | D:9      | Slain by a yak

Action                   |  1- 3 |  4- 6 |  7- 9 | 10-12 || total
-------------------------+-------+-------+-------+-------++-------
Melee: Rapier            |   107 |   290 |    98 |       ||   495
       Short sword       |       |       |   174 |    75 ||   249
 Fire: Blowgun           |       |       |    18 |       ||    18
Throw: Throwing net      |     3 |     1 |       |       ||     4
  Use: Potion            |       |     6 |     5 |       ||    11
       Scroll            |       |       |     9 |     1 ||    10
 Stab: Sleeping          |       |     5 |    29 |       ||    34
       Distracted        |       |       |     2 |       ||     2
  Eat: Chunk             |     9 |     5 |    10 |       ||    24
